 Dungeon Crawl Stone Soup version 0.22-a0-166-g5351223 (webtiles) character file.

174 Azzok the Firebug (level 5, 0/28 HPs)
             Began as a Deep Elf Fire Elementalist on Feb 13, 2018.
             Succumbed to a worker ant's poison
             ... on level 4 of the Dungeon.
             The game lasted 00:04:53 (2700 turns).

Azzok the Firebug (Deep Elf Fire Elementalist)      Turns: 2700, Time: 00:04:54

Health: 0/28       AC:  2    Str:  5    XL:     5   Next: 28%
Magic:  1/11       EV: 13    Int: 21    God:
Gold:   142        SH:  0    Dex: 15    Spells: 2/10 levels left

rFire    + . .     SeeInvis +   d - +0 spear
rCold    + . .     Gourm    .   (no shield)
rNeg     . . .     Faith    .   a - +0 robe
rPois    +         Spirit   .   (no helmet)
rElec    +         Reflect  .   (no cloak)
rCorr    +         Harm     .   (no gloves)
MR       .....                  (no boots)
Stlth    ++........             (no amulet)
HPRegen  0.09/turn              h - ring of see invisible
MPRegen  0.12/turn              (no ring)

@: lethally poisoned (0 -> -9), resistant
A: no striking features
a: no special abilities


You were on level 4 of the Dungeon.
You were not hungry.

You visited 1 branch of the dungeon, and saw 4 of its levels.

You collected 142 gold pieces.

Inventory:

Hand Weapons
 d - a +0 spear (weapon)
 j - a cursed -2 dagger
Armour
 a - a +0 robe (worn)
Jewellery
 h - a ring of see invisible (left hand)
Scrolls
 k - a scroll of enchant armour {unknown}
 l - 2 scrolls of amnesia {unknown}
 m - 3 scrolls of teleportation {unknown}
 o - a scroll of remove curse {unknown}
 p - 2 scrolls of random uselessness {unknown}
 q - 2 scrolls of immolation {unknown}
Potions
 e - 2 potions of resistance
 g - 2 potions of might {unknown}
 i - a potion of berserk rage {unknown}
 n - 2 potions of heal wounds {unknown}
 r - a potion of curing {unknown}
 s - a potion of lignification {unknown}
Books
 b - a book of Flames

   Spells                             Type                      Level
   a - Flame Tongue                   Conjuration/Fire             1
   b - Throw Flame                    Conjuration/Fire             2
   c - Conjure Flame                  Conjuration/Fire             3
   d - Inner Flame                    Hexes/Fire                   3
   e - Sticky Flame                   Conjuration/Fire             4
   f - Fireball                       Conjuration/Fire             5
Comestibles
 c - 3 rations


   Skills:
 - Level 2.4 Dodging
 - Level 2.4 Stealth
 - Level 3.0 Spellcasting
 - Level 1.1 Conjurations
 + Level 6.6 Fire Magic


You had 2 spell levels left.
You knew the following spells:

 Your Spells              Type           Power        Failure   Level  Hunger
a - Flame Tongue          Conj/Fire      ###..        2%          1    None
b - Conjure Flame         Conj/Fire      ###.....     9%          3    ###....
c - Sticky Flame          Conj/Fire      ###.....     26%         4    ####...


Dungeon Overview and Level Annotations

Branches:
Dungeon (4/15)
 Temple: D:4-7

Altars:
Gozag
Qazlal
Wu Jian

Annotations:
D:4 Pikel


Message History

Aim: Pikel, wielding a whip of flaming and wearing a robe (lightly wounded)
The sticky flame hits Pikel.
Pikel is lightly wounded.
Pikel is covered in liquid flames!
* * * LOW MAGIC WARNING * * *;
* * * LOW HITPOINT WARNING * * *
You feel sick.
Pikel burns!
Pikel closely misses you.
* * * LOW HITPOINT WARNING * * *
You feel sick.
Pikel burns!
Pikel says, "You'll fetch a fair price!"
* * * LOW HITPOINT WARNING * * *
You feel sick.
Pikel burns!
* * * LOW HITPOINT WARNING * * *
You feel sick.
Pikel burns!
Pikel stops burning.
* * * LOW HITPOINT WARNING * * *
You feel sick.
It was a potion of resistance.
You feel protected.
* * * LOW HITPOINT WARNING * * *
You feel sick. Pikel barely misses you.
You die...

▒▒▒ ▒<▒ ▒·▒ ▒·▒▒▒▒▒▒▒▒▒▒ ▒
·· ▒▒▒ ▒·▒▒··)····▒ ·▒···
·····▒·▒▒·@·····▒ ▒▒·▒··
···(·········K···╬ ········
······▒▒▒▒····p··▒▒·▒·▒···▒
▒▒▒▒▒▒ ▒·▒▒▒▒·······▒···▒
▒▒▒ ▒·▒p········▒
▒†▒··▒▒▒····▒ ▒····▒······▒
▒▒▒▒▒▒·▒▒·▒·▒▒···▒▒
·······p············


You could see Pikel and 2 slaves.

Vanquished Creatures
  A howler monkey (D:4)
  A worker ant (D:4)
  3 adders
  An ooze (D:2)
  A dart slug (D:1)
  2 leopard geckos (D:2)
  An orc (D:3)
  4 giant cockroaches
  8 goblins
  8 hobgoblins
  2 jackals (D:4)
  11 kobolds
  5 quokkas
  6 bats
  15 frilled lizards
  6 rats
75 creatures vanquished.

Notes
Turn   | Place    | Note
-------+----------+-------------------------------------------
     0 | D:1      | Azzok the Deep Elf Fire Elementalist began the quest for the Orb.
     0 | D:1      | Reached XP level 1. HP: 10/10 MP: 6/6
   122 | D:1      | Reached skill level 4 in Fire Magic
   122 | D:1      | Reached XP level 2. HP: 15/15 MP: 1/8
   558 | D:1      | Reached XP level 3. HP: 19/19 MP: 7/9
   567 | D:1      | Learned a level 3 spell: Conjure Flame
  1032 | D:2      | Reached skill level 5 in Fire Magic
  1424 | D:2      | Found an ornate altar of the Wu Jian Council.
  1434 | D:2      | Found a stormy altar of Qazlal.
  1716 | D:3      | Reached XP level 4. HP: 23/24 MP: 3/10
  2171 | D:3      | Found an opulent altar of Gozag.
  2611 | D:4      | Reached skill level 6 in Fire Magic
  2611 | D:4      | Reached XP level 5. HP: 24/28 MP: 6/11
  2656 | D:4      | Learned a level 4 spell: Sticky Flame
  2681 | D:4      | Noticed a slave
  2682 | D:4      | Noticed Pikel
  2683 | D:4      | Noticed a slave
  2683 | D:4      | Noticed a slave
  2694 | D:4      | Noticed a slave
  2699 | D:4      | HP: 1/28 [poisoned by a worker ant]
  2700 | D:4      | Succumbed to a worker ant's poison

Vault maps used:
D:1:      doesnt_arrival_eight_statues, minmay_lizard_pond
D:2:      lemuel_doored_altar, nicolae_qazlal_general_emergency
D:3:      nicolae_gozag_seed_capital
D:4:      serial_shops, shop, enter_ossuary_5, uniq_crazy_yiuf_cottage,
          uniq_pikel

Skill      XL: |  1  2  3  4 |
---------------+-------------+-----
Fire Magic     | 4 5 6 |  6.6
Dodging        | |  2.4
Stealth        | |  2.4
Spellcasting   | |  3.0
Conjurations   | |  1.1

Action                   |  1- 3 |  4- 6 || total
-------------------------+-------+-------++-------
Melee: Spear             |    19 |       ||    19
 Cast: Flame Tongue      |    86 |    34 ||   120
       Sticky Flame      |       |     1 ||     1
  Use: Potion            |       |     1 ||     1
  Eat: Chunk             |     2 |     3 ||     5
Armor: Robe              |     6 |       ||     6
Dodge: Dodged            |    34 |    16 ||    50

Table legend:
 A = Spawn XP
 B = Non-spawn XP
 C = Spawn XP percentage of total XP
 D = Spawn monster count
 E = Non-spawn monster count
 F = Spawn count percentage of total count
 G = Total turns spent on level
                    A         B        C        D         E        F      G
               +---------+---------+-------+---------+---------+-------+---------
         Total |       0 |     249 |   0.0 |       0 |      75 |   0.0 |  2700
               +---------+---------+-------+---------+---------+-------+---------
           D:1 |       0 |      54 |   0.0 |       0 |      36 |   0.0 |  1018
           D:2 |       0 |      37 |   0.0 |       0 |      18 |   0.0 |   665
           D:3 |       0 |      53 |   0.0 |       0 |      16 |   0.0 |   924
           D:4 |       0 |     105 |   0.0 |       0 |       5 |   0.0 |    93
               +---------+---------+-------+---------+---------+-------+---------
